Map: Tokamak LE

Players

Droczid - Winner!

  • Race: Protoss Protoss
  • League: Diamond
  • Spawn Location: 1:00

LaPanthère

  • Race: Zerg Zerg
  • League: Diamond
  • Spawn Location: 7:00

VOD

Have the link to the VOD?

Description

Time

  • Played on: April 30, 2025, 7:07 p.m.
  • Length: 15:50
Show
View Real Time Build Order
Export as new Build Order

Droczid Protoss - Winner!

Build Orders: 1 Gate Expand, Oracle Opening 

Get SALT Encoding   

  12  0:00  Probe  
  13  0:12  Probe  
  14  0:19  Pylon  
  14  0:24  Probe  
  15  0:33  Probe  
  15  0:39  Gateway  
  15  0:41  Probe  
  16  0:47  Assimilator  
  17  0:52  Probe  
  18  1:04  Probe  
  19  1:16  Probe  
  20  1:24  Nexus  
  20  1:34  Cybernetics Core  
  20  1:41  Probe  
  20  1:45  Assimilator  
  21  1:53  Probe  
  22  1:55  Pylon  
  22  2:03  Adept  
  22  2:05  Probe  
  25  2:17  Probe  
  25  2:21  Stargate  
  26  2:23  Adept  
  26  2:29  Probe  
  29  2:38  Probe  
  29  2:41  Probe  
  31  2:45  Warp Gate  
  31  2:50  Probe  
  32  2:53  Probe  
  32  2:54  Adept  
  32  2:58  Oracle  
  35  3:02  Probe  
  36  3:05  Probe  
  40  3:14  Probe  
  41  3:27  Probe x2  
  43  3:35  Gateway  
  43  3:39  Probe  
  42  3:49  Probe  
  42  3:51  Probe  
  42  3:52  Oracle  
  45  4:06  Pylon  
  45  4:07  Nexus  
  45  4:13  Shield Battery  
  45  4:16  Pylon  
  45  4:23  Adept  
  47  4:29  Probe x2, Forge  
  49  4:35  Shield Battery  
  49  4:37  Stalker  
  51  4:41  Probe x2  
  51  4:42  Oracle  
  56  4:48  Pylon  
  56  4:49  Pylon  
  56  4:51  Pylon  
  56  4:53  Probe  
  56  4:54  Probe  
  58  5:09  Probe  
  58  5:10  Probe  
  58  5:11  Stalker x2  
  64  5:20  Oracle  
  67  5:21  Probe  
  67  5:22  Probe  
  67  5:24  Protoss Ground Weapons Level 1  
  69  5:34  Probe x3  
  72  5:38  Twilight Council  
  72  5:40  Blink  
  72  5:41  Pylon  
  72  5:46  Probe x2  
  72  5:48  Gateway x2  
  74  5:51  Gateway  
  74  5:53  Photon Cannon x2  
  74  5:57  Pylon  
  74  5:58  Probe x3  
  77  6:10  Probe, Pylon  
  77  6:12  Assimilator  
  77  6:13  Pylon  
  77  6:14  Assimilator, Probe x2  
  77  6:18  Probe  
  80  6:20  Gateway  
  80  6:21  Gateway  
  81  6:25  Stalker  
  81  6:26  Probe x2  
  81  6:27  Stalker  
  87  6:45  Gateway  
  87  6:46  Gateway  
  87  6:47  Photon Cannon  
  87  6:48  Shield Battery  
  87  6:52  Photon Cannon  
  87  6:54  Stalker  
  87  6:55  Stalker x2  
  87  6:58  Probe x2  
  95  7:04  Stalker x2  
  99  7:21  Stalker x4  
  99  7:22  Stalker  
  109  7:24  Probe x3  
  109  7:27  Pylon  
  109  7:28  Pylon  
  112  7:30  Pylon  
  112  7:31  Pylon  
  112  7:32  Protoss Ground Weapons Level 2  
  112  7:52  Assimilator x2  
  112  7:55  Stalker x4  
  112  7:56  Stalker  
  112  7:57  Zealot x4  
  128  8:23  Stalker  
  128  8:24  Stalker x5  
  140  8:28  Probe x2  
  140  8:29  Probe  
  133  8:48  Nexus  
  133  8:51  Pylon  
  76  8:55  Charge, Pylon  
  133  8:59  Probe x3  
  136  9:04  Gateway  
  136  9:05  Gateway  
  136  9:07  Gateway  
  136  9:10  Gateway  
  136  9:11  Probe x3  
  136  9:12  Gateway  
  136  9:13  Gateway  
  136  9:16  Gateway  
  139  9:24  Shield Battery  
  139  9:25  Shield Battery  
  139  9:28  Photon Cannon, Protoss Ground Weapons Level 3  
  139  9:29  Photon Cannon  
  139  9:35  Photon Cannon  
  139  9:36  Photon Cannon  
  139  9:38  Photon Cannon  
  139  9:39  Assimilator, Photon Cannon  
  139  9:41  Assimilator, Photon Cannon  
  139  9:42  Fleet Beacon  
  139  9:52  Probe x3  
  142  9:59  Templar Archives  
  142  10:04  Probe x2  
  142  10:05  Robotics Facility x2  
  144  10:13  Zealot x4  
  152  10:14  Zealot  
  152  10:16  Zealot  
  156  10:26  Psionic Storm  
  156  10:49  Stargate  
  156  10:51  Stargate  
  156  10:52  Stargate  
  146  10:57  Observer x2  
  146  11:07  Immortal x2  
  154  11:24  Carrier  
  160  11:31  Mothership  
  168  11:35  High Templar x2  
  168  11:37  Zealot x7  
  186  11:47  High Templar  
  188  11:48  High Templar  
  188  11:52  Archon  
  190  11:58  Robotics Bay  
  190  12:14  Unknown, Carrier  
  182  12:29  Pylon  
  182  12:31  Protoss Air Weapons Level 1, Pylon  
  182  12:35  Zealot x7  
  196  12:40  Observer  
  196  12:47  Observer  
  197  12:56  Gravitic Boosters  
  181  12:59  Immortal  
  189  13:05  Immortal  
  189  13:17  Zealot x5  
  175  14:27  Zealot x7  
  175  14:28  Zealot x5  
  193  14:45  Stalker  
  193  14:46  Stalker x2  
  195  14:53  Observer  
  195  14:54  Immortal  
  186  15:21  Stalker  
  186  15:22  Stalker x6  
Show
View Real Time Build Order
Export as new Build Order

LaPanthère Zerg 

Build Orders: Hatch First, Lurkers, Roach Hydra 

Get SALT Encoding   

  12  0:01  Drone  
  13  0:12  Overlord  
  13  0:26  Drone  
  14  0:31  Drone  
  14  0:35  Drone  
  16  0:47  Hatchery  
  15  0:50  Drone  
  17  0:57  Drone  
  17  1:14  Spawning Pool  
  17  1:15  Drone  
  17  1:32  Drone x2  
  19  1:35  Extractor  
  18  1:50  Drone x2  
  20  2:01  Overlord  
  20  2:02  Queen x2  
  24  2:09  Drone  
  25  2:17  Overlord  
  25  2:18  Drone  
  25  2:21  Zergling x2  
  27  2:23  Drone  
  28  2:32  Drone x2  
  28  2:36  Metabolic Boost  
  30  2:45  Drone x2  
  32  3:04  Evolution Chamber x2, Drone x3  
  33  3:06  Roach Warren  
  31  3:18  Drone x2  
  31  3:19  Drone  
  34  3:24  Zergling x2  
  34  3:25  Zergling x2  
  33  3:35  Drone  
  33  3:36  Drone x5  
  39  3:42  Spine Crawler  
  37  3:53  Lair  
  37  3:56  Drone x2  
  37  3:59  Drone x2  
  41  4:04  Queen  
  41  4:08  Overlord  
  43  4:10  Extractor, Drone  
  43  4:17  Extractor  
  43  4:19  Extractor  
  43  4:22  Overlord  
  43  4:23  Drone x3  
  44  4:28  Drone  
  45  4:35  Zerg Missile Weapons Level 1  
  45  4:37  Drone x2  
  47  4:47  Drone x4  
  47  4:50  Zerg Ground Armor Level 1  
  49  5:03  Drone  
  49  5:04  Drone x4, Spore Crawler  
  48  5:10  Spore Crawler  
  43  5:18  Glial Reconstitution  
  41  5:24  Queen  
  42  5:33  Roach x5  
  51  5:44  Spore Crawler  
  50  5:52  Drone  
  50  5:53  Drone x4  
  55  6:01  Overlord  
  55  6:03  Roach x2  
  59  6:13  Overlord  
  59  6:23  Roach x4  
  67  6:30  Overlord  
  67  6:35  Roach x2  
  71  6:44  Roach x2  
  75  6:47  Overseer  
  75  6:49  Hatchery  
  75  6:51  Drone x4  
  78  6:56  Spore Crawler  
  77  7:03  Spore Crawler  
  77  7:07  Roach x3  
  82  7:13  Zerg Missile Weapons Level 2  
  82  7:24  Overlord x2  
  82  7:33  Overlord  
  82  7:42  Queen x2  
  82  7:52  Hydralisk Den  
  82  7:55  Zergling x2  
  82  7:56  Zergling x16  
  88  8:07  Roach x4  
  96  8:22  Hatchery  
  96  8:26  Zergling x6  
  92  8:28  Zerg Melee Weapons Level 1  
  92  8:31  Grooved Spines  
  69  8:48  Roach  
  69  8:49  Roach x5  
  69  8:54  Hydralisk  
  61  8:59  Hydralisk  
  63  9:12  Hydralisk  
  63  9:13  Hydralisk x4  
  73  9:20  Drone  
  73  9:21  Muscular Augments  
  74  9:26  Hydralisk  
  76  9:33  Hydralisk x5  
  76  9:36  Drone x2  
  76  9:37  Drone  
  89  9:45  Overlord  
  89  9:46  Overlord  
  89  9:52  Lurker Den  
  88  9:55  Hydralisk  
  90  10:03  Overseer  
  90  10:05  Drone x4  
  90  10:06  Drone x3  
  97  10:22  Hatchery  
  97  10:25  Drone x4  
  97  10:26  Drone  
  101  10:42  Roach  
  103  10:43  Roach, Overlord x2  
  103  10:44  Overlord x2  
  102  10:57  Hydralisk x2  
  106  11:04  Lurker x4  
  106  11:05  Lurker  
  106  11:06  Drone x6  
  106  11:07  Drone  
  106  11:11  Lurker  
  119  11:15  Drone  
  119  11:16  Drone x4  
  124  11:22  Extractor  
  124  11:24  Extractor  
  124  11:25  Zergling x2  
  111  11:26  Zergling x2  
  112  11:41  Roach  
  112  11:42  Roach x7  
  128  11:49  Roach  
  128  11:50  Roach x2  
  128  11:53  Overlord  
  134  11:57  Zergling x12  
  134  11:59  Zerg Melee Weapons Level 2  
  136  12:26  Drone  
  136  12:27  Spore Crawler  
  136  12:30  Drone  
  136  12:31  Drone x11, Spine Crawler  
  136  12:32  Spine Crawler x2  
  136  12:34  Spine Crawler  
  144  12:46  Drone  
  144  12:47  Drone x5  
  144  13:05  Zergling x14  
  145  13:06  Zergling x2  
  145  13:08  Overlord x3  
  152  13:19  Spire  
  151  13:22  Infestation Pit  
  150  13:29  Drone x12  
  150  13:31  Spine Crawler x2  
  150  13:32  Spine Crawler  
  159  13:34  Spore Crawler  
  151  14:04  Roach x7  
  151  14:05  Roach x5  
  102  14:44  Corruptor  
  102  14:45  Corruptor x7  
  75  15:02  Zergling x2  
  75  15:03  Zergling x12  
  70  15:22  Zergling x2  
  70  15:23  Zergling x8  
Tags
 
Add a new tag
Caveats
  • Supply blocks, unpowered buildings, or Contaminate may cause inaccurate times.
  • Supply counts are checked every 10 seconds.